Cogmind - Beta 10.2 @@@ ROGUE MODE // 2021.02.06 @ 12:13:14 Player: TotallyRasta Result: Destroyed by as-19304 with Assembled Rifle Performance ------------- Evolutions (0) 0 Regions Visited (4) 800 Robots Destroyed (5) 25 Value Destroyed (98) 98 Prototype IDs (2) 40 Alien Tech Used (0) 0 Bonus (300) 300 TOTAL SCORE: 1263 Bonus ------- Aligned with FarCom 300 Cogmind --------- Core Integrity 0/250 Matter 300/300 Energy 100/100 System Corruption 3% Temperature Cool (0) Movement Core (100) Ox1 Location -9/Mines Parts ------- > --- POWER (1) -------- (None) > --- PROPULSION (2) --- (None) > --- UTILITY (2) ------ Small Storage Unit > --- WEAPON (2) ------- (None) > --- INVENTORY (6) ---- Army-in-a-Box Peak State ------------ > --- POWER ------------ Light Ion Engine > --- PROPULSION ------- Flight Unit Flight Unit > --- UTILITY ---------- Small Storage Unit Superbattery > --- WEAPON ----------- (None) > --- INVENTORY -------- Ion Engine Assault Rifle Plasma Flamer [Rating: 14] Favorites ----------- Power Light Ion Engine Engine Light Ion Engine Propulsion Flight Unit Wheel Compact Wheel Flight Unit Flight Unit Utility Small Storage Unit Device Trap Reconfigurator Storage Small Storage Unit Weapon Light Assault Rifle Ballistic Gun Light Assault Rifle Special Weapon Plasma Flamer Slashing Weapon Mining Claw Build | -11 -10 -10 -10 -9 ------- Run | Scr Mat Min Exi Min Slots Evolved . | . . . . . Power . | . . . . . Propulsion . | . . . . . Utility . | . . . . . Weapon . | . . . . . Parts Attached 23 | 6 6 8 3 . Power 1 | 1 . . . . Engine 1 | 1 . . . . Core . | . . . . . Reactor . | . . . . . Propulsion 7 | 2 3 2 . . Treads . | . . . . . Leg . | . . . . . Wheel 2 | 2 . . . . Hover . | . . . . . Flight 5 | . 3 2 . . Utility 4 | 1 . . 3 . Device 1 | . . . 1 . Storage 3 | 1 . . 2 . Processor . | . . . . . Hackware . | . . . . . Protection . | . . . . . Artifact . | . . . . . Weapon 11 | 2 3 6 . . Energy Gun . | . . . . . Energy Cannon . | . . . . . Ballistic Gun 5 | 2 2 1 . . Ballistic Cannon . | . . . . . Launcher . | . . . . . Special Weapon 3 | . 1 2 . . Impact Weapon . | . . . . . Slashing Weapon 3 | . . 3 . . Piercing Weapon . | . . . . . Special Melee Weapon . | . . . . . Unidentified Prototypes 2 | . . . 2 . Parts Lost 7 | . . 4 . 3 Power 1 | . . . . 1 Propulsion 4 | . . 2 . 2 Utility . | . . . . . Weapon 2 | . . 2 . . Highest Loss Streak 4 | . . 4 . 3 Average Slot Usage (%) 65 | . 73 71 55 48 Engine 13 | . 14 14 14 12 Wheel 1 | . 5 . . . Flight 24 | . 20 26 28 22 Storage 13 | . 14 14 12 14 Ballistic Gun 7 | . 17 8 . . Slashing Weapon 1 | . . 6 . . Naked Turns . | . . . . . Heaviest Build 11 | 11 11 10 7 7 Greatest Support 32 | 32 32 8 8 8 Greatest Overweight (x) 2 | . 2 1 . 1 Average Overweight (x) . | . . . . . Largest Inventory Capacity 6 | 6 6 6 6 6 Average Capacity 5 | 5 6 6 5 6 Most Carried 6 | 1 6 6 6 6 Average Carried 4 | . 4 4 4 6 Final Capacity 6 | 6 6 6 6 6 Final Carried 6 | 1 6 3 6 6 Class Distribution -------------------- 100% | Mutant Dominant Class ---------------- Mutant | -10/Materials Mutant | -10/Mines Mutant | -10/Exiles Mutant | -9/Mines Resources | -11 -10 -10 -10 -9 ----------- Run | Scr Mat Min Exi Min Matter Collected 445 | 97 101 239 . 8 Remotely . | . . . . . Salvage Created 101 | . 101 . . . Parts 10 | . 10 . . . Haulers Intercepted . | . . . . . Recyclers Shooed . | . . . . . Parts Field Recycled . | . . . . . Retrieved Matter . | . . . . . Parts Self-Destructed . | . . . . . Prevented . | . . . . . Kills | -11 -10 -10 -10 -9 ------- Run | Scr Mat Min Exi Min Combat Hostiles Destroyed 6 | . 5 1 . . Guns 5 | . 5 . . . Cannons 1 | . . 1 . . Classes Destroyed 3 | . 2 1 . . Swarmer 3 | . 3 . . . Grunt 2 | . 2 . . . Assembled 1 | . . 1 . . Best Kill Streak 3 | . 3 1 . . Combat Bots Only 3 | . 3 1 . . Max Kills in Single Turn 1 | . 1 1 . . Gunslinging . | . . . . . Exploded . | . . . . . Melee . | . . . . . Uniques/NPCs Destroyed . | . . . . . Combat | -11 -10 -10 -10 -9 -------- Run | Scr Mat Min Exi Min Damage Taken 756 | . 201 296 . 259 Core 260 | . 59 53 . 148 Absorbed by Shields . | . . . . . Core Remaining (%) 100 | 100 . . . . Volleys Fired 19 | . 13 6 . . Largest 2 | . 2 2 . . Hottest 120 | . 40 120 . . Shots Fired 32 | . 22 10 . . Gun 27 | . 22 5 . . Cannon . | . . . . . Launcher . | . . . . . Special 5 | . . 5 . . Kinetic 27 | . 22 5 . . Thermal 5 | . . 5 . . Explosive . | . . . . . Electromagnetic . | . . . . . Robot Hit Streak 6 | . 5 6 . . Robot Miss Streak 2 | . 1 2 . . Penetration Max . | . . . . . Secondary Targets . | . . . . . Shots Hit Robots 22 | . 16 6 . . Core Hits 11 | . 8 2 . 1 Critical Hits . | . . . . . Critical Kills . | . . . . . Critical Parts Destroyed . | . . . . . Melee Attacks 16 | . . 16 . . Impact . | . . . . . Slashing 16 | . . 16 . . Piercing . | . . . . . Sneak Attacks 1 | . . 1 . . Combat Hostiles . | . . . . . Follow-up Attacks . | . . . . . Damage Inflicted 338 | . 152 175 . 11 Guns 164 | . 152 12 . . Cannons . | . . . . . Explosions . | . . . . . Melee 136 | . . 136 . . Ramming 11 | . . . . 11 Kinetic 164 | . 152 12 . . Thermal 27 | . . 27 . . Explosive . | . . . . . Electromagnetic . | . . . . . Impact . | . . . . . Slashing 136 | . . 136 . . Piercing . | . . . . . Highest Corruption 3 | . . . . 3 Average Corruption 3 | . . . . 3 Corruption Purged . | . . . . . Overload Shots . | . . . . . Overflow Damage 35 | . . 35 . . Projectiles . | . . . . . Explosions . | . . . . . Melee 35 | . . 35 . . Knockbacks . | . . . . . Impact . | . . . . . Kinetic . | . . . . . Secondary . | . . . . . Self-Inflicted Damage 5 | . . . . 5 Shots . | . . . . . Rammed 2 | . . . . 2 Targets Rammed 2 | . . . . 2 Kicked . | . . . . . Crushed . | . . . . . Highest Temperature 226 | . 10 226 . 8 Average Temperature 67 | . 5 95 . 8 Received Heat Transfer 167 | . 48 . . 119 Siege Activations . | . . . . . Robots Corrupted . | . . . . . Combat Hostiles . | . . . . . Parts Fried . | . . . . . Impact Corruptions . | . . . . . Robots Melted . | . . . . . Combat Hostiles . | . . . . . Parts Melted . | . . . . . Heat Transferred 160 | . . 160 . . Parts Sabotaged . | . . . . . Parts Stolen . | . . . . . Parts Stripped . | . . . . . Power Chain Reactions . | . . . . . Missiles Intercepted . | . . . . . Alert | -11 -10 -10 -10 -9 ------- Run | Scr Mat Min Exi Min Peak Influence 181 | . 181 85 . . Initial 70 | . . 70 . . Average 62 | . 107 70 . . Maximum Alert Level . | . . . . . Low Security (%) 100 | 100 100 100 . 100 Level 1 . | . . . . . Level 2 . | . . . . . Level 3 . | . . . . . Level 4 . | . . . . . Level 5 . | . . . . . High Security . | . . . . . Max Security . | . . . . . Squads Dispatched 1 | . 1 . . . Investigation . | . . . . . Extermination . | . . . . . Reinforcement 1 | . 1 . . . Assault . | . . . . . Garrison . | . . . . . Intercept . | . . . . . Construction Impeded . | . . . . . Haulers Reinforced . | . . . . . Stealth | -11 -10 -10 -10 -9 --------- Run | Scr Mat Min Exi Min Distress Signals 1 | . . 1 . . Communications Jammed . | . . . . . Distress Signals . | . . . . . Times Spotted 32 | . 8 2 . 22 Peak Tracking Total 22 | . 3 3 . 22 Tactical Retreats 3 | . 1 2 . . Traps | -11 -10 -10 -10 -9 ------- Run | Scr Mat Min Exi Min Traps Triggered 1 | . 1 . . . Indirectly . | . . . . . Trap Hack Attempts . | . . . . . Triggered . | . . . . . Disarmed . | . . . . . Reprogrammed . | . . . . . Reused . | . . . . . Traps Extracted . | . . . . . Installed . | . . . . . Triggered . | . . . . . Machines | -11 -10 -10 -10 -9 ---------- Run | Scr Mat Min Exi Min Machines Disabled . | . . . . . Max in Single Turn . | . . . . . Machines Sabotaged . | . . . . . Garrisons Compromised . | . . . . . Overloaded Fab Kills . | . . . . . Fab Network Shutdowns . | . . . . . Hacking | -11 -10 -10 -10 -9 --------- Run | Scr Mat Min Exi Min Machines Accessed 1 | . 1 . . . Terminals 1 | . 1 . . . Fabricators . | . . . . . Repair Stations . | . . . . . Recycling Units . | . . . . . Scanalyzers . | . . . . . Garrison Access . | . . . . . Total Hacks 2 | . 2 . . . Successful 1 | . 1 . . . Failed 1 | . 1 . . . Catastrophic . | . . . . . Database Lockouts . | . . . . . Manual 1 | . . . 1 . Terminals 2 | . 2 . . . Fabricators . | . . . . . Repair Stations . | . . . . . Recycling Units . | . . . . . Scanalyzers . | . . . . . Garrison Access . | . . . . . Terminal Hacks 1 | . 1 . . . Branch Access Points 1 | . 1 . . . Fabricator Hacks . | . . . . . Repair Station Hacks . | . . . . . Recycling Unit Hacks . | . . . . . Scanalyzer . | . . . . . Garrison Access Hacks . | . . . . . Unauthorized Hacks . | . . . . . Terminals . | . . . . . Fabricators . | . . . . . Repair Stations . | . . . . . Recycling Units . | . . . . . Scanalyzers . | . . . . . Garrison Access . | . . . . . Data Cores Recovered . | . . . . . Used . | . . . . . Hacking Detections . | . . . . . Full Trace Events . | . . . . . Feedback Events . | . . . . . Feedback Blocked . | . . . . . Robot Schematics Acquired . | . . . . . Robots Built . | . . . . . Matter . | . . . . . Time . | . . . . . Total Robot Build Rating . | . . . . . Part Schematics Acquired . | . . . . . Parts Built . | . . . . . Matter . | . . . . . Time . | . . . . . Total Part Build Rating . | . . . . . Parts Repaired . | . . . . . Time . | . . . . . Parts Recycled . | . . . . . Recycled Matter . | . . . . . Retrieved Matter . | . . . . . Retrieved Components . | . . . . . Parts Scanalyzed . | . . . . . Part Schematics Acquired . | . . . . . Parts Damaged . | . . . . . Bothacking | -11 -10 -10 -10 -9 ------------ Run | Scr Mat Min Exi Min Used RIF Installer . | . . . . . Robots Hacked . | . . . . . Non-combat . | . . . . . Combat . | . . . . . Robot Hacks Applied . | . . . . . Relay Couplers Released . | . . . . . Robots Rewired . | . . . . . Allies Hacked . | . . . . . Hacks Repelled . | . . . . . Allies | -11 -10 -10 -10 -9 -------- Run | Scr Mat Min Exi Min Total Allies . | . . . . . Largest Group . | . . . . . Highest-Rated Group . | . . . . . Highest-Rated Ally . | . . . . . Total Orders . | . . . . . Ally Attacks . | . . . . . Total Damage . | . . . . . Kills . | . . . . . Allies Corrupted . | . . . . . Allies Melted . | . . . . . Intel | -11 -10 -10 -10 -9 ------- Run | Scr Mat Min Exi Min Robot Analysis Total . | . . . . . Derelict Logs Recovered 1 | . . 1 . . Drone Launches . | . . . . . Drone Recoveries . | . . . . . Exploration | -11 -10 -10 -10 -9 ------------- Run | Scr Mat Min Exi Min Turns Passed 549 | 54 148 150 127 70 Spaces Moved 785 | 47 172 179 318 69 Core 6 | 5 1 . . . Treads . | . . . . . Legs . | . . . . . Wheels 58 | 42 16 . . . Hover . | . . . . . Flight 721 | . 155 179 318 69 Fastest Speed 37 | 50 37 37 37 37 Average Speed 43 | 94 45 39 37 45 Slowest Speed 150 | 100 150 117 37 120 Overloaded Moves . | . . . . . Propulsion Burnouts . | . . . . . Robots Hopped 5 | . . 4 . 1 Cave-ins Triggered . | . . . . . Exploration Rate (%) 32 | 3 39 40 67 13 Regions Visited 4 Branch Regions 3 Pre-discovered Areas 2 | . . 1 . 1 Known Exits Taken 1 | . 1 . . . Unknown Exits Taken 3 | 1 . 1 1 . Scrap Searched 1 | . . 1 . . Spaces Dug . | . . . . . Terrain Destroyed . | . . . . . Melee . | . . . . . Projectile . | . . . . . AOE . | . . . . . Terrain Rammed . | . . . . . Walls Destroyed . | . . . . . Machines Disabled . | . . . . . Actions | -11 -10 -10 -10 -9 --------- Run | Scr Mat Min Exi Min Total 926 | 53 225 213 329 106 Wait 59 | . 23 . . 36 Move 772 | 46 171 171 317 67 Hop 4 | . . 3 . 1 Pick Up 7 | 1 3 2 1 . Fast Attach 12 | 6 3 1 2 . Attach 9 | . 1 7 1 . Detach 12 | . 5 4 3 . Swap 2 | . 2 . . . Drop 12 | . 4 3 5 . Fire 19 | . 13 6 . . Melee 16 | . . 16 . . Ram 2 | . . . . 2 Kick . | . . . . . Crush . | . . . . . Escape Stasis . | . . . . . Rewire . | . . . . . Trap . | . . . . . Miscellaneous . | . . . . . Route ------- -11/Scrapyard -10/Materials (discovered 3 exits: [*Mat] / *Min x2) -10/Mines -10/Exiles -9/Mines History --------- Turn | Location | Event 22 | -11/Scrapyard | Discovered new exit (range 16) 55 | -11/Scrapyard | Entered Materials 55 | -10/Materials | Discovered new exit (range 7) 118 | -10/Materials | Discovered new exit (range 14) 142 | -10/Materials | Identified exit to Mines 203 | -10/Materials | Entered Mines 224 | -10/Mines | A weapon hastily lodged in a ceiling crevice suddenly fell to the ground 225 | -10/Mines | Met a Derelict bent on vengeance 228 | -10/Mines | Learned location of Zion (-6) 233 | -10/Mines | Excavation squad dispatched 233 | -10/Mines | A large section of the Mines collapsed 344 | -10/Mines | Lost 4 parts (2n2w) 349 | -10/Mines | Build established: Mutant 352 | -10/Mines | Deemed a non-threat by the Exiles lab entrance 352 | -10/Mines | Discovered new exit (range 5) 353 | -10/Mines | Entered Exiles 362 | -10/Exiles | Met 8R-AWN 370 | -10/Exiles | Met EX-HEX 388 | -10/Exiles | Met EX-BIN 410 | -10/Exiles | Aligned with FarCom system 410 | -10/Exiles | Given EX-Vault access code 419 | -10/Exiles | Opened EX-Vault 422 | -10/Exiles | Found Prototype Storage 422 | -10/Exiles | Identified Superbattery 425 | -10/Exiles | Found Prototype Device 425 | -10/Exiles | Identified Trap Reconfigurator 433 | -10/Exiles | Found Prototype Device 444 | -10/Exiles | Warned to stay clear of 0b10 Research branches 455 | -10/Exiles | Met EX-DEC 476 | -10/Exiles | Discovered new exit (range 14) 480 | -10/Exiles | Left Exiles lab with Army-in-a-Box 480 | -10/Exiles | Entered Mines 481 | -9/Mines | Learned location of Storage (-7) 531 | -9/Mines | Assembled infested the area 531 | -9/Mines | Core integrity fell below 50% 549 | -9/Mines | Core integrity fell below 20% 550 | -9/Mines | Destroyed by as-19304 with Assembled Rifle Last Messages --------------- 00480_ Receiving FarCom transmissions... 00481_ A derelict emerges from the shadows: "Are any of them following you? I'm here trying to lose some heat after our second raid on Storage failed. Whatever you do stay away from that place, they've tightened security following our previous successful raids." World map updated: -7/Storage. 00483_ NS-SOL(g): "We scattered so the Unaware couldn't effectively use their advantage in numbers, and I suggest you do the same." 00483_ NS-SOL(g) slips back into the shadows. 00531_ ALERT: Infestation in the mines, dispatching Demolisher response squad. 00533_ Flight Unit destroyed. 00540_ G-34 Mercenary destroyed. 00541_ Lgt. Ion Engine destroyed. 00542_ G-47 Trooper knocked back. 00548_ Flight Unit destroyed. 00548_ System corrupted by crushing effect (+3). 00548_ Slammed into as-15290. 00549_ Slammed into as-34132. 00550_ Acquired 8 matter. Map ----- +----------------------------------------------------+ | ????????????????????????????????????? | | ????????????????????????????????????? | | ????????????????????????????????????? | | ????????????????????????????????????? | | ????????????????????????????????????? | | ????????????????????????????????????? | | ????????????????????????????######??? | | ???????????????????????????? " #??? | | ???????????????????????????? ??? | | ???????????????????????????? ???? | | ???????????????????????????? ???? | | ???????????????????????????? ???? | | ???????????????????????????? ????? | | ???????????????????????????? ????? | | ????????????????????????????# #????? | | ????????????????????????????# #????? | | ????????????????????????????# #????? | | ????????????????????????????# #????? | | ???????????????????????????## ##???? | | ??????????????????????????## ##??? | | ????????????????????????###a ##?? | | ???????????????????????## a a #?? | | ???????????????????????# aa a #?? | | ???????????????????????# !aa a ##?? | | ???????????????????????##aaa a #??? | | ?????????????????????####@ a #??? | | ?????????????????????# aa #??? | | ?????????????????????# aa ##??? | | ?????????????????????#aa### ##???? | | ??????????????####???# #?## ##????? | | ?????????????## ##??# #??####?????? | | ???????????### ##?# ###?????????? | | ??????????## ### ##????????? | | ??????????# #???###??? | | ??????????# ##?# ##?? | | ??????????# ## #?? | | ??????????## ##### #?? | | ???????????###????### #?? | | ????????????????????#### ##?? | | ???????????????????????## ##??? | | ????????????????????????## #####???? | | ?????????????????????????####???????? | | ????????????????????????????????????? | | ????????????????????????????????????? | | ????????????????????????????????????? | | ????????????????????????????????????? | | ????????????????????????????????????? | | ????????????????????????????????????? | | ????????????????????????????????????? | | ????????????????????????????????????? | +----------------------------------------------------+ Best States ------------- Heat Dissipation 25 Energy Generation 10 Energy Capacity 125 Matter Stores 300 Matter Capacity 300 Sight Range 16 Terrain Scan Density 10 Evasion (%) 62 Item Schematics ----------------- None Robot Schematics ------------------ None Fabricated ------------ Nothing Alien Tech Used ----------------- None Achievements -------------- None Challenges ------------ None Game ------ Seed TiamatSegregatorComputer Manual? 0 Play Time 00:17:56 Cumulative 92.3 hours Start 2021.02.06 @ 11:46:51 End 2021.02.06 @ 12:13:14 Sessions 1 Manual Loads 0 Difficulty Rogue Special Mode None Game No. 110 Rogue 110 Adventurer 0 Explorer 0 Win Type - Total 0 Types 0/0/0/0/0/0/0/0/0 Lore% 53 Gallery% 57 Achievement% 44 Wizard Run 0 Options --------- ASCII 0 Keyboard 1 Movement Numpad Keybinds 0 Fullscreen 1 Font 18/SmallcapsGlow Map View 76x50 Tactical HUD 1 Map Filters NONE Filters NONE Steam 1 RUN: 4a67fd61-f765-47da-948b-4932b00653d5